 Dungeon Crawl Stone Soup version 0.28-a0-655-g4eb62b627b (webtiles) character file.

Game seed: 6907245994145317194

1568 Irenicus the Geomancer (level 8, 23/62 HPs)
             Began as a Deep Dwarf Earth Elementalist on Oct 12, 2021.
             Quit the game on level 5 of the Dungeon.
             The game lasted 00:21:40 (2709 turns).

Irenicus the Geomancer (DDEE)                       Turns: 2709, Time: 00:21:40

Health: 23/62      AC:  6    Str: 11    XL:     8   Next: 59%
Magic:  1/10       EV: 14    Int: 19    God:
Gold:   160        SH:  0    Dex: 13    Spells: 5/11 levels left

rFire   . . .      SeeInvis +   k - +1 dagger (vamp)
rCold   . . .      Faith    .   (no shield)
rNeg    . . .      Spirit   .   o - +0 leather armour
rPois   .          Reflect  .   (no helmet)
rElec   .          Harm     .   p - +1 cloak
rCorr   .          Rampage  .   (no gloves)
Will    +....                   l - +0 pair of boots
Stlth   ++........              (no amulet)
HPRegen 0.00/turn               v - ring of see invisible
MPRegen 0.12/turn               (no ring)

@: no status effects
A: damage resistance, heal wounds, sense surroundings 1, no regeneration
a: Heal Wounds


You were on level 5 of the Dungeon.
You visited 1 branch of the dungeon, and saw 5 of its levels.

You collected 160 gold pieces.


Innate Abilities, Weirdness & Mutations

You are resistant to damage.
You can heal yourself by infusing magical energy.
You passively map a small area around you.
You do not regenerate.


   Skills:
 - Level 3.0 Short Blades
 + Level 6.8 Dodging
 - Level 4.7 Stealth
 - Level 2.0 Spellcasting
 - Level 0.8 Transmutations
 - Level 10.7 Earth Magic


You had 5 spell levels left.
You knew the following spells:

 Your Spells              Type           Power      Damage    Failure   Level
t - Stone Arrow           Conj/Erth      44%        3d9       8%          3
w - Passwall              Tmut/Erth      19%        N/A       3%          2
z - Sandblast             Erth           84%        2d18      1%          1

Your spell library contained the following spells:

 Spells                   Type           Power      Damage    Failure   Level
 Petrify                  Tmut/Erth      23%        N/A       21%         4
 Slow                     Hex            1%         N/A       32%         2
 Confusing Touch          Hex            1%         N/A       54%         3
 Yara's Violent Unravell  Hex/Tmut       1%         3d3       99%         5

Inventory:

Hand Weapons
 e - a +0 dagger
 k - a +1 vampiric dagger (weapon)
Missiles
 f - 15 poisoned darts
 g - 26 stones
Armour
 h - a +3 ring mail
 l - a +0 pair of boots (worn)
 o - a +0 leather armour (worn)
 p - a +1 cloak (worn)
Magical Staves
 m - a staff of air {!a}
Jewellery
 v - a ring of see invisible (left hand)
Scrolls
 a - a scroll of blinking {unknown}
 c - 3 scrolls of amnesia
 i - 3 scrolls of identify {@r1}
 j - 2 scrolls of enchant armour {unknown}
 n - a scroll of enchant weapon {unknown}
Potions
 b - a potion of attraction
 d - a potion of curing {@q1}
 q - a potion of brilliance

Dungeon Overview and Level Annotations

Branches:
Dungeon (5/15)
 Temple: D:4-7

Altars:
Sif Muna
Zin

Annotations:
D:3 2 runed translucent doors, Shym's ghost, amateur BaIE
D:5 Edmund

#. #.......# #.# #.. .
#.##.......###.## #####
........... ...# #..
..........# #..# #.# .#
#.?.....###..# #.# .#
#............######### #.# .#
#.......##...........# #.# .#
####.#####..###..###.#######5#
.# #.# ##.#@#..# #..55...5.#
.# ##.## #.###.## ###########
># ##.#.## #.....#
.####.###.## ####### .....##
##.######################
.####.#
#........................ ##
*#.#.########################
*#.# ###


There were no monsters in sight!


Message History

Confirm with . or Enter, or press ? or * to list all spells.
Aiming: Sandblast (safe; 1% risk of failure)
Press: ? - help, Shift-Dir - straight line, f/p - Pikel
Aim: Pikel, wielding a +1 whip of flaming and wearing a +2 robe of fire resistance (almost dead, 79% to hit)
The blast of sand hits Pikel but does no damage.
Pikel is almost dead.
Pikel hits you with a +1 whip of flaming!
* * * LOW HITPOINT WARNING * * *
Pikel burns you.
* * * LOW HITPOINT WARNING * * *
Casting: Sandblast (safe; 1% risk of failure)
Confirm with . or Enter, or press ? or * to list all spells.
Aiming: Sandblast (safe; 1% risk of failure)
Press: ? - help, Shift-Dir - straight line, f/p - Pikel
Aim: Pikel, wielding a +1 whip of flaming and wearing a +2 robe of fire resistance (severely wounded, 79% to hit)
The blast of sand hits Pikel!!
You kill Pikel!
With Pikel's spell broken, his former minions thank you for their freedom.
The lemure departs this earthly plane. x2
Your Dodging skill gained 3 levels and is now at level 6!
You see here a +0 whip.
Unknown command.
Casting: Sandblast (safe; 1% risk of failure)
Confirm with . or Enter, or press ? or * to list all spells.
Aiming: Passwall (safe; 3% risk of failure)
Press: ? - help, Dir - move target A translucent rock wall.
You finish merging with the rock.
m - a staff of air {!a} Are you sure you want to abandon this character and quit the game? (Confirm with "yes".)

Skill      XL: |  1  2  3  4  5  6  7  8 |
---------------+-------------------------+-----
Earth Magic    | 5 6 7 9 10 | 10.7
Spellcasting   | 2 |  2.0
Stealth        | 3 4 |  4.7
Short Blades   | 3 |  3.0
Dodging        | 6 |  6.8
Transmutations | |  0.8

Action                   |  1- 3 |  4- 6 |  7- 9 || total
-------------------------+-------+-------+-------++-------
Melee: Dagger            |    60 |    95 |    97 ||   252
Throw: Dart              |     2 |       |       ||     2
 Cast: Sandblast         |    30 |    42 |    26 ||    98
       Passwall          |     1 |     3 |     7 ||    11
       Stone Arrow       |       |     8 |    12 ||    20
 Abil: Heal Wounds       |     1 |       |     2 ||     3
  Use: Scroll            |     1 |     4 |     3 ||     8
       Potion            |       |       |     2 ||     2
 Stab: Sleeping          |     2 |     9 |     5 ||    16
       Distracted        |       |       |     1 ||     1
       Invisible         |       |       |     1 ||     1
Armor: Robe              |    21 |     1 |       ||    22
       Leather armour    |       |    31 |    14 ||    45
Dodge: Dodged            |    57 |    64 |    58 ||   179

Levels and vault maps discovered:
D:1:      dpeg_arrival_triangle_fractal, layout_rooms
D:2:      layout_loops_ring, uniq_natasha, uniq_terence
D:3:      layout_loops_corners, nicolae_sif_muna_condensation,
          lemuel_crystal_altar, ebering_ecumenical_altar_abandoned,
          ebering_ghost_disaster_area, minmay_box_of_dots
D:4:      layout_loops_ring, minmay_misc_feat_columns
D:5:      layout_loops_ring, item_on_display_b, uniq_menkaure, uniq_edmund,
          uniq_pikel

Notes
Turn   | Place    | Note
-------+----------+-------------------------------------------
     0 | D:1      | Irenicus the Deep Dwarf Earth Elementalist began the quest
                  | for the Orb.
     0 | D:1      | Reached XP level 1. HP: 15/15 MP: 3/3
   146 | D:1      | Reached XP level 2. HP: 14/22 MP: 0/4
   166 | D:1      | Reached skill level 5 in Earth Magic
   342 | D:1      | Reached XP level 3. HP: 19/28 MP: 5/5
   397 | D:1      | Learned a level 2 spell: Passwall
   486 | D:2      | Noticed Terence
   487 | D:2      | Reached skill level 6 in Earth Magic
   551 | D:2      | HP: 2/28 [Terence (5)]
   564 | D:2      | Killed Terence
   565 | D:2      | Reached XP level 4. HP: 24/36 MP: 0/6
   732 | D:2      | Learned a level 3 spell: Stone Arrow
   872 | D:2      | Reached skill level 7 in Earth Magic
   878 | D:2      | Noticed Natasha
   902 | D:2      | Killed Natasha
  1033 | D:3      | Found a large runed translucent door.
  1034 | D:3      | Found a large runed translucent door.
  1036 | D:3      | Noticed Shym's ghost (amateur BaIE)
  1173 | D:3      | Reached skill level 2 in Spellcasting
  1173 | D:3      | Reached XP level 5. HP: 42/42 MP: 1/8
  1226 | D:3      | Found a faded altar of an unknown god.
  1254 | D:3      | Found a glowing silver altar of Zin.
  1279 | D:3      | Found a shimmering blue altar of Sif Muna.
  1487 | D:3      | Noticed a centaur
  1501 | D:3      | Killed a centaur
  1502 | D:3      | Reached skill level 8 in Earth Magic
  1694 | D:4      | Noticed an ogre
  1700 | D:4      | Killed an ogre
  1701 | D:4      | Reached skill level 9 in Earth Magic
  1701 | D:4      | Reached XP level 6. HP: 13/49 MP: 3/9
  1945 | D:4      | Reached skill level 10 in Earth Magic
  1974 | D:4      | Reached skill level 3 in Stealth
  1974 | D:4      | Reached XP level 7. HP: 23/55 MP: 1/10
  2077 | D:4      | Reached skill level 4 in Stealth
  2222 | D:5      | Entered Level 5 of the Dungeon
  2260 | D:5      | Reached skill level 1 in Short Blades
  2262 | D:5      | Reached skill level 2 in Short Blades
  2534 | D:5      | Reached skill level 3 in Short Blades
  2582 | D:5      | Noticed Menkaure
  2600 | D:5      | Reached XP level 8. HP: 12/62 MP: 0/11
  2627 | D:5      | Killed Menkaure
  2628 | D:5      | Reached skill level 3 in Dodging
  2642 | D:5      | Noticed Edmund
  2669 | D:5      | Noticed Pikel
  2678 | D:5      | Killed Pikel
  2679 | D:5      | Reached skill level 6 in Dodging
  2709 | D:5      | Quit the game

Vanquished Creatures
  Pikel (D:5)
  Menkaure (D:5)
  An ice beast (D:5)
  A centaur (D:3)
  2 ogres (D:4)
  A lemure (D:5)
  2 phantoms (D:4)
  A scorpion (D:5)
  A hound (D:4)
  A jelly (D:5)
  A bullfrog skeleton (D:4)
  Terence (D:2)
  Natasha (D:2)
  2 orc wizards
  A killer bee zombie (D:5)
  A hound skeleton (D:4)
  5 gnolls (D:5)
  8 adders
  3 worms
  2 dart slugs (D:1)
  12 orcs
  6 ball pythons
  11 endoplasms
  A giant cockroach (D:1)
  9 goblins
  4 hobgoblins
  12 jackals
  A quokka (D:2)
  4 bats
  3 frilled lizards
  6 kobolds
  6 rats
112 creatures vanquished.

Table legend: (Time is in decaauts)
 A = Elapsed time spent in this place.
 B = Non-inter-level travel time spent in this place.
 C = Inter-level travel time spent in this place.
 D = Time resting spent in this place.
 E = Time spent auto-exploring this place.
 F = Levels seen in this place.
 G = Mean time per level.
                   A        B        C        D        E       F      G
               +--------+--------+--------+--------+--------+-----+--------+
         Total |   2699 |   2650 |     49 |      0 |      0 |   5 |  539.8 |
       Dungeon |   2699 |   2650 |     49 |      0 |      0 |   5 |  539.8 |
               +--------+--------+--------+--------+--------+-----+--------+

Top non-repeatable levels by time:
     D:3: 644 daAuts
     D:2: 608 daAuts
     D:4: 543 daAuts
     D:5: 479 daAuts
     D:1: 423 daAuts

Table legend:
 A = Non-vault XP
 B = Vault XP
 C = Vault XP percentage of total XP
 D = Non-vault monster count
 E = Vault monster count
 F = Vault count percentage of total count
                 A         B        C        D         E       F
            +---------+---------+-------+---------+---------+-------
      Total |    1364 |     877 |  39.1 |     106 |       5 |   4.5
            +---------+---------+-------+---------+---------+-------
        D:1 |      46 |       0 |   0.0 |      25 |       0 |   0.0
        D:2 |      55 |      71 |  56.3 |      11 |       2 |  15.4
        D:3 |     193 |       1 |   0.5 |      20 |       1 |   4.8
        D:4 |     687 |       0 |   0.0 |      35 |       0 |   0.0
        D:5 |     383 |     805 |  67.8 |      15 |       2 |  11.8
            +---------+---------+-------+---------+---------+-------
